 Dungeon Crawl Stone Soup version 0.19.1-1-g22dce08 (webtiles) character file.

7284 paradoxae the Thaumaturge (level 10, -7/75 HPs)
             Began as a Deep Dwarf Necromancer on Jan 2, 2017.
             Was a Believer of Makhleb.
             Mangled by Urug
             ... wielding a +3 great sword
              (20 damage)
             ... on level 10 of the Dungeon on Jan 3, 2017.
             The game lasted 02:40:03 (16899 turns).

paradoxae the Thaumaturge (Deep Dwarf Necromancer) Turns: 16899, Time: 02:40:04

Health: -7/75      AC: 10    Str: 13    XL:     10   Next: 89%
Magic:  10/22      EV: 14    Int: 18    God:    Makhleb [**....]
Gold:   520        SH:  0    Dex: 13    Spells: 8 memorised, 5 levels left

rFire  . . .     SeeInvis +     a - +2 spear (flame)
rCold  . . .     Gourm    .     Z - +0 troll leather armour
rNeg   . . .     Faith    .     (no shield)
rPois  .         Spirit   .     (no helmet)
rElec  .         Reflect  .     e - +1 cloak
rCorr  .         Harm     .     v - +0 pair of gloves
MR     +....                    T - +1 pair of boots
Stlth  +++.......               (no amulet)
                                N - ring of stealth
                                K - ring of see invisible

@: very slightly contaminated, non-regenerating, drained
A: damage resistance, recharge devices, sense surroundings 2, slow regeneration
3
a: Device Recharging, Minor Destruction, Renounce Religion


You were on level 10 of the Dungeon.
You worshipped Makhleb.
Makhleb was pleased with you.
You were not hungry.

You visited 1 branch of the dungeon, and saw 10 of its levels.
You also visited: Sewer.

You collected 520 gold pieces.

Inventory:

Hand Weapons
 a - a +2 spear of flaming (weapon)
Missiles
 i - 4 tomahawks
 L - 6 javelins of returning (quivered)
Armour
 e - a +1 cloak (worn)
 v - a +0 pair of gloves (worn)
 T - a +1 pair of boots (worn)
 Z - a +0 troll leather armour (worn)
Jewellery
 h - an uncursed amulet of rage {unknown}
 K - a ring of see invisible (left hand)
 N - a ring of stealth (right hand)
Wands
 c - a wand of heal wounds (2/9)
 w - a wand of slowing (12/48)
 J - a wand of flame (1/48)
 U - a wand of disintegration (9/24)
Scrolls
 b - a scroll of enchant weapon
 f - a scroll of fog
 g - 4 scrolls of remove curse
 j - 9 scrolls of identify
 m - 12 scrolls of teleportation
 q - a scroll of magic mapping
 O - a scroll of blinking
Potions
 r - 3 potions of haste
 t - 3 potions of curing
 C - 2 potions of cancellation
 E - a potion of heal wounds
Comestibles
 d - 9 bread rations
 W - a beef jerky


   Skills:
 + Level 3.1(2.7) Polearms
 + Level 4.4(4.0) Armour
 + Level 5.5(5.1) Dodging
 - Level 4.6(4.2) Stealth
 * Level 8.0(7.6) Spellcasting
 * Level 5.0(4.6) Conjurations
 * Level 2.7(2.4) Hexes
 + Level 7.1(6.7) Necromancy
 * Level 4.8(4.4) Fire Magic
 + Level 4.0(3.7) Invocations
 + Level 5.6(5.2) Evocations


You had 5 spell levels left.
You knew the following spells:

 Your Spells              Type           Power        Failure   Level  Hunger
a - Animate Skeleton      Necr           N/A          1%          1    None
c - Confuse               Hex            ###.....     17%         3    #......
f - Conjure Flame         Conj/Fire      ###.....     10%         3    #......
s - Sticky Flame          Conj/Fire      ###.....     24%         4    ###....
u - Control Undead        Necr           ####......   10%         4    ###....
v - Vampiric Draining     Necr           ####......   2%          3    #......
x - Flame Tongue          Conj/Fire      ###..        1%          1    None
z - Pain                  Necr           ####         1%          1    None


Dungeon Overview and Level Annotations

Branches:
Dungeon (10/15)            Temple (0/1) D:6            Lair (0/6) D:10
    Orc (0/2) D:10

Altars:
Ashenzari
Cheibriados
Dithmenos
Gozag
Makhleb
Ru
Sif Muna
Uskayaw
Vehumet
Xom
Yredelemnul
The Shining One

Shops:
D:6 }

Annotations:
D:4 Spectrina's ghost, weakling FoFi
D:5 Grinder; w00t's ghost, novice MiFi
D:8 w00t's ghost, novice MiFi
D:10 Urug


Innate Abilities, Weirdness & Mutations

You are resistant to damage.
You can recharge devices by infusing magical energy.
You passively map the area around you.
You do not regenerate.


Message History

Urug hits you with an enchanted great sword!!
Casting: Pain
Confirm with . or Enter, or press ? or * to list all spells.
Aiming: Vampiric Draining
Press: ? - help, Shift-Dir - straight line, f/p - Urug
Aim: Urug, wielding an enchanted great sword and wearing a scale mail (flame, heavily wounded)
You miscast Vampiric Draining.
You are very lightly contaminated with residual magic.
Pain shoots through your body.
Urug is engulfed in roaring flames.
Urug hits you with an enchanted great sword!!
* * * LOW HITPOINT WARNING * * *
Casting: Vampiric Draining
Confirm with . or Enter, or press ? or * to list all spells.
Aiming: Vampiric Draining
Press: ? - help, Shift-Dir - straight line, f/p - Urug
Aim: Urug, wielding an enchanted great sword and wearing a scale mail (flame, severely wounded) Urug is almost dead.
You feel life coursing into your body.
Urug is engulfed in roaring flames.
Urug hits you with an enchanted great sword!!
You die...

, , , , , , , ,, , **** ,, ,,
, , * ,,, , , ,,, , * , , , #*
, , ,.. * * #.,, * * ..#*
#.### * , .. ** * #.o.#
######## *#.# , ######@#
#......# *.. *
#....Z.###......######. ,,
......<................. ** ,,
........................ ,, ,,
........................ ≈≈≈
≈≈≈≈.................... < ,,≈
≈≈≈.........≈..........# , ≈
≈≈≈≈≈≈≈...............≈...#
.≈≈≈≈≈≈≈≈≈≈..................#


You could see Urug and a friendly kobold skeleton.

Vanquished Creatures
  A hill giant (D:10)
  2 trolls
  A two-headed ogre (D:9)
  A hippogriff (D:9)
  A spriggan (D:9)
  A wraith (D:7)
  7 yaks
  Menkaure (D:7)
  2 hungry ghosts
  A water moccasin (D:9)
  Duvessa (D:7)
  A sky beast (D:6)
  An eye of draining (D:10)
  A black bear (D:10)
  6 ogres
  An ice beast (D:9)
  2 necrophages
  3 orc warriors
  3 centaurs
  2 elf zombies (D:7)
  5 big kobolds
  4 bullfrogs
  An elf skeleton (D:7)
  Dowan (D:7)
  A scorpion (D:5)
  6 wights
  4 electric eels (D:10)
  A howler monkey (D:4)
  A crimson imp (D:6)
  2 bullfrog zombies
  3 hounds
  A quasit (D:6)
  4 jellies
  A centaur skeleton (D:6)
  A gnoll shaman (D:4)
  3 orc priests
  A human zombie (D:7)
  5 orc wizards
  2 bullfrog skeletons
  A human skeleton (D:7)
  An iguana (D:2)
  6 worker ants
  2 killer bee zombies
  3 hound skeletons
  2 worker ant zombies
  A howler monkey skeleton (D:6)
  10 gnolls
  13 adders
  A shadow imp (D:7)
  An ooze (Sewer)
  4 adder zombies
  2 adder skeletons
  4 worms
  4 dart slugs
  2 leopard geckos
  19 orcs
  2 giant cockroaches (D:1)
  3 hobgoblins (D:1)
  15 jackals
  4 quokkas
  4 ball pythons
  4 bats
  7 frilled lizards
  A giant cockroach zombie (D:4)
  5 goblins
  2 jackal zombies (D:4)
  17 kobolds
  3 leopard gecko zombies (D:4)
  A quokka skeleton (D:5)
  A quokka zombie (D:5)
  16 rats
247 creatures vanquished.

Vanquished Creatures (collateral kills)
  A bullfrog (D:7)
  2 centaur zombies
  A crimson imp (D:6)
  2 hounds
  A bullfrog zombie (D:10)
  A human zombie (D:7)
  An iguana (D:9)
  A hound zombie (D:4)
  An adder skeleton (D:7)
  A leopard gecko (D:1)
  2 orcs (D:6)
  A goblin (D:1)
  A jackal (D:6)
  A quokka (D:10)
  An orc zombie (D:7)
18 creatures vanquished.

Grand Total: 265 creatures vanquished

Notes
Turn   | Place    | Note
-------+----------+-------------------------------------------
     0 | D:1      | paradoxae the Deep Dwarf Necromancer began the quest for the Orb.
     0 | D:1      | Reached XP level 1. HP: 15/15 MP: 3/3
     2 | D:1      | Learned a level 1 spell: Animate Skeleton
   590 | D:1      | Reached skill level 2 in Spellcasting
   649 | D:1      | Reached XP level 2. HP: 20/22 MP: 3/5
  1486 | D:2      | Reached skill level 1 in Evocations
  1698 | D:2      | Reached XP level 3. HP: 26/28 MP: 0/6
  1996 | D:2      | Found a faded altar of an unknown god.
  2544 | D:2      | Learned a level 3 spell: Vampiric Draining
  2652 | D:3      | Reached skill level 5 in Necromancy
  2906 | D:3      | Found a glowing drain.
  2915 | Sewer    | Entered a sewer
  3037 | Sewer    | Noticed a big kobold
  3067 | Sewer    | Killed a big kobold
  3067 | Sewer    | Reached skill level 1 in Armour
  3067 | Sewer    | Reached XP level 4. HP: 20/36 MP: 1/7
  3250 | Sewer    | Reached XP level 5. HP: 33/42 MP: 0/8
  3693 | Sewer    | Reached XP level 6. HP: 49/49 MP: 0/10
  5117 | D:4      | Found a shadowy altar of Dithmenos.
  5145 | D:4      | Noticed Spectrina's ghost (weakling FoFi)
  5180 | D:4      | Reached skill level 3 in Spellcasting
  5512 | D:3      | Reached XP level 7. HP: 46/55 MP: 4/11
  5756 | D:4      | Learned a level 4 spell: Control Undead
  6901 | D:5      | Entered Level 5 of the Dungeon
  7214 | D:5      | Found a sacrificial altar of Ru.
  7403 | D:5      | Reached skill level 4 in Spellcasting
  7813 | D:5      | Reached skill level 5 in Spellcasting
  7813 | D:5      | Reached XP level 8. HP: 41/62 MP: 5/15
  8064 | D:5      | Noticed w00t's ghost (novice MiFi)
  9240 | D:6      | Reached skill level 6 in Spellcasting
  9425 | D:6      | Learned a level 1 spell: Flame Tongue
  9429 | D:6      | Learned a level 3 spell: Conjure Flame
  9434 | D:6      | Learned a level 4 spell: Sticky Flame
  9677 | D:6      | Reached skill level 1 in Conjurations
  9677 | D:6      | Reached skill level 1 in Fire Magic
  9773 | D:6      | Found a burning altar of Makhleb.
  9773 | D:6      | Found a radiant altar of Vehumet.
  9788 | D:6      | Became a worshipper of Makhleb the Destroyer
 10037 | D:6      | Found Setir's Gadget Shop.
 10101 | D:6      | Found a shattered altar of Ashenzari.
 10109 | D:6      | Noticed Grinder
 10184 | D:5      | Paralysed by Grinder for 2 turns
 10256 | D:6      | Found a staircase to the Ecumenical Temple.
 10694 | D:7      | Reached skill level 7 in Spellcasting
 10777 | D:7      | Noticed Dowan
 10780 | D:7      | Noticed Duvessa
 10803 | D:7      | Killed Duvessa
 10803 | D:7      | Reached skill level 1 in Invocations
 10809 | D:7      | Killed Dowan
 10809 | D:7      | Gained mutation: You passively map the area around you. [Deep Dwarf growth]
 10809 | D:7      | Reached XP level 9. HP: 57/68 MP: 0/19
 11315 | D:7      | Reached skill level 1 in Polearms
 11475 | D:7      | Reached * piety under Makhleb
 11487 | D:7      | Found a basalt altar of Yredelemnul.
 11873 | D:7      | Noticed Menkaure
 11885 | D:7      | Killed Menkaure
 12114 | D:8      | Noticed w00t's ghost (novice MiFi)
 12216 | D:8      | Learned a level 3 spell: Confuse
 12454 | D:8      | Found a deep blue altar of Sif Muna.
 12458 | D:8      | Found a hide-covered altar of Uskayaw.
 12460 | D:8      | Found an opulent altar of Gozag.
 12874 | D:8      | Found a shimmering altar of Xom.
 12878 | D:8      | Found a glowing golden altar of the Shining One.
 13157 | D:9      | Found a snail-covered altar of Cheibriados.
 13225 | D:9      | Reached skill level 1 in Hexes
 13483 | D:9      | Reached XP level 10. HP: 73/75 MP: 4/21
 13754 | D:9      | Reached skill level 5 in Evocations
 14718 | D:9      | Reached skill level 5 in Dodging
 14871 | D:10     | Entered Level 10 of the Dungeon
 15007 | D:10     | Found a staircase to the Orcish Mines.
 15010 | D:10     | Noticed a hill giant
 15054 | D:10     | Killed a hill giant
 15054 | D:10     | Reached ** piety under Makhleb
 15428 | D:10     | Gained mutation: You are agile. (Dex +2) [potion of mutation]
 15428 | D:10     | Gained mutation: You evolve. [potion of mutation]
 15428 | D:10     | Gained mutation: Your spells are a little easier to cast, but a little less powerful. [potion of mutation]
 15471 | D:10     | Found a staircase to the Lair.
 15491 | D:10     | Lost mutation: You are agile. (Dex +2) [potion of cure mutation]
 15491 | D:10     | Lost mutation: You evolve. [potion of cure mutation]
 15492 | D:10     | Lost mutation: Your spells are a little easier to cast, but a little less powerful. [potion of cure mutation]
 16363 | D:10     | Reached skill level 8 in Spellcasting
 16741 | D:10     | Reached skill level 5 in Conjurations
 16891 | D:10     | Noticed Urug
 16899 | D:10     | Mangled by Urug

Skill      XL: |  1  2  3  4  5  6  7  8  9 10 |
---------------+-------------------------------+-----
Spellcasting   | 2 3 5 7 8 |  8.0
Evocations     | 1 2 3 4 5 |  5.6
Necromancy     | 5 6 7 |  7.1
Armour         | 1 2 3 4 |  4.4
Stealth        | 3 4 |  4.6
Dodging        | 3 4 5 |  5.5
Conjurations   | 1 3 5 |  5.0
Fire Magic     | 2 3 4 |  4.8
Invocations    | 1 2 4 |  4.0
Polearms       | 2 3 |  3.1
Hexes          | 1 2 |  2.7

Action                   |  1- 3 |  4- 6 |  7- 9 | 10-12 || total
-------------------------+-------+-------+-------+-------++-------
Melee: Spear             |    16 |    40 |   239 |   142 ||   437
Throw: Stone             |       |       |     1 |       ||     1
 Cast: Pain              |    87 |    70 |   130 |   134 ||   421
       Animate Skeleton  |    23 |    13 |    31 |    21 ||    88
       Vampiric Draining |       |    24 |    86 |    23 ||   133
       Control Undead    |       |       |    11 |       ||    11
       Flame Tongue      |       |       |    96 |    23 ||   119
       Conjure Flame     |       |       |    11 |    22 ||    33
       Confuse           |       |       |     6 |    14 ||    20
Evoke: Wand              |       |       |     2 |     1 ||     3
  Use: Scroll            |     7 |     1 |     1 |     5 ||    14
       Potion            |       |       |       |    14 ||    14
 Stab: Betrayed ally     |       |       |     1 |       ||     1
       Sleeping          |       |       |     3 |       ||     3
       Distracted        |       |       |     1 |       ||     1
       Confused          |       |       |       |     2 ||     2
  Eat: Chunk             |     9 |     6 |    32 |    12 ||    59
       Meat ration       |       |     1 |       |       ||     1
       Fruit             |       |       |     3 |       ||     3
       Pizza             |       |       |     2 |       ||     2
Armor: Robe              |    11 |    13 |    20 |       ||    44
       Leather armour    |       |       |    87 |     7 ||    94
       Ring mail         |       |       |    21 |       ||    21
       Troll leather arm |       |       |       |    12 ||    12
Dodge: Dodged            |    32 |    51 |   311 |    65 ||   459
